 Seeded DCSS version 0.31-a0-426-g3a05650e59 (webtiles) character file.

Game seed: 7219796886474184679 (custom seed)

204 Gelion the Changeling (level 5, -8/35 HPs)
             Began as an Octopode Shapeshifter on July 31, 2023.
             Mangled by an iguana (9 damage)
             ... on level 3 of the Dungeon.
             The game lasted 00:04:57 (2765 turns).

Gelion the Changeling (Octopode Shapeshifter)       Turns: 2765, Time: 00:04:58

Health: -8/35      AC:  1    Str: 14    XL:     5   Next: 82%
Magic:  5/5        EV: 13    Int: 11    God:
Gold:   108        SH:  0    Dex: 14    Spells: 4/4 levels left

rFire   . .          .
                       - Unarmed
rCold   . . .        (no shield)
rNeg    . . .        (helmet currently unavailable)
rPois   .            (no amulet)
rElec   .            (no ring)
rCorr   .            (no ring)
SInv    .            (no ring)
Will    .....        (no ring)
Stlth   ++           (no ring)
HPRegen 0.25/turn    (no ring)
MPRegen 0.09/turn    (no ring)
                     (no ring)

%: no passive effects
@: beast-form
A: beast (slay +3), almost no armour, amphibious, 8 rings, camouflage 1,
gelatinous body 1, (nimble swimmer 1), tentacles
a: Begin Untransformation


You were on level 3 of the Dungeon.
You were a hulking beast.
You visited 1 branch of the dungeon, and saw 4 of its levels.

You collected 108 gold pieces.

Inventory:

Missiles
 h - a throwing net
Talismans
 b - a beast talisman (active)
 e - a granite talisman
Wands
 o - a wand of polymorph (10)
Scrolls
 i - a scroll of torment
 n - a scroll of amnesia
 q - a scroll of teleportation
Potions
 a - a potion of degeneration {unknown}
 d - 2 potions of attraction {unknown}
 f - 3 potions of invisibility {unknown}
 g - a potion of curing {unknown}
 j - 3 potions of brilliance {unknown}
 k - a potion of heal wounds {unknown}
 l - a potion of cancellation {unknown}


   Skills:
 + Level 2.7 Fighting
 - Level 2.0 Dodging
 + Level 4.0 Unarmed Combat
 * Level 4.4 Shapeshifting


You had 4 spell levels left.
You didn't know any spells.
Your spell library contained the following spells:

 Spells                   Type           Power      Damage    Failure   Level
 Necrotise                Necr           0%         1d4       34%         1
 Slow                     Hex            0%         N/A       34%         1
 Confusing Touch          Hex            0%         N/A       71%         3
 Vampiric Draining        Necr           0%         2d6       71%         3
 Agony                    Necr           0%         N/A       100%        5


Dungeon Overview and Level Annotations

Branches:
Dungeon (4/15)
 Temple: D:4-7

Altars:


Innate Abilities, Weirdness & Mutations

You are a hulking beast.
Your limbs bulge with bestial killing power. (Slay +3)
You cannot wear most types of armour.
You are amphibious.
You can wear up to eight rings at the same time.
Your skin changes colour to match your surroundings (Stealth+).
Your rubbery body absorbs attacks. (AC +1, EV +1)
((You are camouflaged when in or above water. (Stealth+)))
You have tentacles for arms and can constrict up to eight enemies at once.


Message History

Where to? (Enter - D:4, ? - help)
You climb upwards.
There is a stone staircase leading down here.
Done exploring.
(D) Dungeon
Where to? (Enter - D:3, ? - help)
You climb downwards.
There is a stone staircase leading up here.
An iguana comes into view. 4 yaks come into view.
The yak bellows! x2; You hear a bellow!
The yak bellows! x2; You hear a bellow!
A yak comes into view.
You tentacle-slap the iguana. You grab the iguana.
The iguana is lightly wounded.
You constrict the iguana, but do no damage.
The iguana bites you!
A yak comes into view.
You tentacle-slap the iguana but do no damage.
You squeeze the iguana.
The iguana is moderately wounded.
You constrict the iguana. The iguana completely misses you.
The yak completely misses you.
You release your grip on the iguana.
The iguana attacks as you move away! The iguana misses you.
The iguana attacks as you move away! The iguana bites you!
There is a stone staircase leading up here.
The iguana bites you!
* * * LOW HITPOINT WARNING * * *
You climb upwards.
There is a stone staircase leading down here.
You completely miss the iguana. You grab the iguana.
The iguana is moderately wounded.
You constrict the iguana, but do no damage.
The iguana bites you.
* * * LOW HITPOINT WARNING * * *
You tentacle-slap the iguana but do no damage.
You squeeze the iguana.
The iguana is heavily wounded.
You constrict the iguana. The iguana bites you!
You die...

..<.##..................#
#
...###...###............#
#
..##...................##
#
.....#...#####...##...##
# ......÷..# ##.##..### #
..#####.## ##....## ##
..# #÷### ##...### ##≈
..# ##...###..#.# #≈≈
..####........##h# #≈≈
...##.......####l########
#≈≈ ...##.......#
#..<.....# ##≈≈
...##.......# ##.......#
#≈≈≈ ######.....##
#.......######≈≈≈
##.....##
#............≈≈##
#.......#
############.≈≈#.
#.......# #...+.
#.....>.# #...+.


You could see an iguana.

Vanquished Creatures
  A scorpion (D:3)
  Ijyb (D:3)
  3 gnolls (D:2)
  An adder (D:3)
  A dart slug (D:1)
  7 endoplasms
  3 giant cockroaches
  7 hobgoblins
  3 jackals (D:3)
  10 kobolds
  5 quokkas
  5 ball pythons
  7 bats
  9 frilled lizards (D:1)
  8 goblins
  7 rats
78 creatures vanquished.

Notes
Turn   | Place    | Note
-------+----------+-------------------------------------------
     0 | D:1      | Gelion the Octopode Shapeshifter began the quest for the
                  | Orb.
     0 | D:1      | Reached XP level 1. HP: 13/13 MP: 1/1
   127 | D:1      | Reached XP level 2. HP: 18/18 MP: 2/2
   576 | D:1      | Reached XP level 3. HP: 23/23 MP: 3/3
  1012 | D:2      | Reached XP level 4. HP: 11/29 MP: 4/4
  1607 | D:2      | Identified the +10 hand axe of the Gloaming {drain, rC+
                  | Str+2 Dex-3}
  1841 | D:3      | Noticed a scorpion
  1952 | D:3      | Killed a scorpion
  1953 | D:3      | Reached XP level 5. HP: 35/35 MP: 5/5
  2403 | D:3      | Found a faded altar of an unknown god.
  2551 | D:3      | Noticed Ijyb
  2562 | D:3      | Killed Ijyb
  2753 | D:4      | Noticed a yak
  2753 | D:4      | Noticed a yak
  2753 | D:4      | Noticed a yak
  2753 | D:4      | Noticed a yak
  2753 | D:4      | Noticed a yak
  2754 | D:4      | Noticed a yak
  2764 | D:3      | HP: 1/35 [iguana (4)]
  2765 | D:3      | Mangled by an iguana

Illustrated notes

Levels and vault maps discovered:
D:1:      ncdulo_lavacross, layout_basic, minmay_lizard_pond
D:2:      layout_loops_corners
D:3:      kennysheep_goblin_castle, layout_rooms,
          dilly_ecumenical_altar_fadedgnrine, item_on_display_a
D:4:      layout_basic, grunt_dithmenos_smoke, grunt_ministairs_9

Skill      XL: |  1  2  3  4  5 |
---------------+----------------+-----
Fighting       | 2 |  2.7
Shapeshifting  | 4 |  4.4
Unarmed Combat | 4 |  4.0
Dodging        | |  2.0

Action                     |  1- 3 |  4- 6 || total
---------------------------+-------+-------++-------
  Melee: Unarmed           |    71 |    80 ||   151
         Constrict         |    16 |    16 ||    32
         Tentacles         |     6 |    17 ||    23
         Punch             |     1 |     2 ||     3
    Use: Scroll            |     1 |    10 ||    11
         Potion            |       |     1 ||     1
   Stab: Sleeping          |     4 |    11 ||    15
         Distracted        |     1 |       ||     1
 Armour: Skin              |     4 |    20 ||    24
  Dodge: Dodged            |    31 |    39 ||    70

Table legend: (Time is in decaauts)
 A = Elapsed time spent in this place.
 B = Non-inter-level travel time spent in this place.
 C = Inter-level travel time spent in this place.
 D = Time resting spent in this place.
 E = Time spent auto-exploring this place.
 F = Levels seen in this place.
 G = Mean time per level.
                   A        B        C        D        E       F      G
               +--------+--------+--------+--------+--------+-----+--------+
         Total |   2756 |   2687 |     69 |     48 |   2118 |   4 |  689.0 |
       Dungeon |   2756 |   2687 |     69 |     48 |   2118 |   4 |  689.0 |
               +--------+--------+--------+--------+--------+-----+--------+

Top non-repeatable levels by time:
     D:2: 1048 daAuts
     D:3: 910 daAuts
     D:1: 779 daAuts
     D:4: 18 daAuts
